 Dungeon Crawl Stone Soup version 0.28-a0-723-g095bd1b44f (webtiles) character file.

Game seed: 9549039541666506271

3945 lunkers the Thaumaturge (level 10, -5/77 HPs)
             Began as a Djinni Cinder Acolyte on Oct 25, 2021.
             Was a High Priest of Ignis.
             Slain by a death yak (20 damage)
             ... on level 8 of the Dungeon.
             The game lasted 00:16:49 (12221 turns).

lunkers the Thaumaturge (Djinni Cinder Acolyte)    Turns: 12221, Time: 00:16:49

Health: -5/77      AC:  8    Str: 13    XL:     10   Next: 44%
Gold:   349        EV:  9    Int: 20    God:    Ignis [*****.] SH:  2 Dex:  8

rFire   + + +      SeeInvis +   q - +5 long sword
rCold   x . .      Faith    .   i - +0 buckler
rNeg    . . .      Spirit   .   k - +3 ring mail {rF+}
rPois   ∞          Reflect  .   (no helmet)
rElec   .          Harm     .   (no cloak)
rCorr   .          Rampage  .   (no gloves)
Will    +....                   (boots unavailable)
Stlth   ..........              (no amulet)
HPRegen 0.22/turn               r - ring of see invisible
MPRegen 0.00/turn               (no ring)

@: flying
A: sickness immunity, fire resistance 2, cold vulnerability 1, float, innate
caster, hp casting, extra vitality 1
a: Renounce Religion, Sea of Fire, Foxfire Swarm, Rising Flame


You were on level 8 of the Dungeon.
You worshipped Ignis.
Ignis was extremely pleased with you.
You visited 1 branch of the dungeon, and saw 9 of its levels.

You collected 349 gold pieces.

Inventory:

Hand Weapons
 a - a -1 short sword of flaming
 q - a +5 long sword (weapon)
Missiles
 m - 6 curare-tipped darts
Armour
 c - the +1 robe of the Mantidfly {rN+ Int+2}
   (You found it on level 7 of the Dungeon)

   Int:       It affects your intelligence (+2).
   rN:        It protects you from negative energy.
 i - a +0 buckler (worn)
 k - a +3 ring mail of fire resistance (worn)
Jewellery
 r - a ring of see invisible (left hand)
Wands
 h - a wand of flame (40)
 l - a wand of mindburst (16)
 o - a wand of acid (8)
 v - a wand of iceblast (7)
Scrolls
 b - a scroll of magic mapping
 f - 3 scrolls of fog
Potions
 d - 2 potions of attraction
 e - 3 potions of invisibility
 g - 5 potions of curing
 j - a potion of haste
 n - a potion of ambrosia {unknown}
 s - 3 potions of brilliance
 t - 2 potions of heal wounds
 u - a potion of mutation {unknown}


   Skills:
 + Level 8.9 Fighting
 - Level 2.6 Short Blades
 * Level 9.5 Spellcasting


You had 17 spell levels left.
You knew the following spells:

 Your Spells              Type           Power      Damage    Failure   Level
a - Magic Dart            Conj           100%       1d8       1%          1
b - Ensorcelled Hibernat  Hex/Ice        94%        N/A       1%          2
c - Call Imp              Summ           47%        N/A       1%          2
d - Dispel Undead         Necr           47%        3d18      5%          4
p - Scorch                Fire           94%        2d9       1%          2
Your spell library was empty.

Dungeon Overview and Level Annotations

Branches:
Dungeon (9/15)             Temple (0/1) D:4             Orc (0/2) D:9
   Lair: D:8-11

Altars:
Fedhas
Vehumet
The Shining One

Shops:
D:5 *   D:7 =   D:8 =

Annotations:
D:5 1 runed translucent door


Innate Abilities, Weirdness & Mutations

You are immune to sickness and miasma.
You are immune to poison.
Your flesh is very heat resistant. (rF++)
You are vulnerable to cold. (rC-)
You float through the air rather than walking.
You learn spells naturally, not from books.
Your magical power is your life essence.
You have superior vitality. (+4 HP)


Message History

Casting: Scorch (safe; 1% risk of failure)
Press: ? - help, Q - select action, (/) - cycle Dir - look around, f - activate Flames lash the death yak but do no damage.
The death yak gores you!
* * * LOW HITPOINT WARNING * * *
The death yak is no longer more vulnerable to fire.
You see here a +0 club.
There is an open gate here.
You block the death yak's attack.
Casting: Scorch (safe; 1% risk of failure)
Press: ? - help, Q - select action, (/) - cycle Dir - look around, f - activate Flames lash the death yak.
The death yak is heavily wounded.
The death yak's fire resistance burns away.
* * * LOW HITPOINT WARNING * * *
The death yak gores you!
* * * LOW HITPOINT WARNING * * *
Casting: Scorch (safe; 1% risk of failure)
Press: ? - help, Q - select action, (/) - cycle Dir - look around, f - activate Flames lash the death yak.
The death yak is burned terribly!
The death yak is severely wounded.
* * * LOW HITPOINT WARNING * * *
The death yak gores you!
* * * LOW HITPOINT WARNING * * *
Unknown command.
Casting: Scorch (safe; 1% risk of failure)
Press: ? - help, Q - select action, (/) - cycle Dir - look around, f - activate Flames lash the death yak.
The death yak is burned terribly!
The death yak is almost dead.
* * * LOW HITPOINT WARNING * * *
The death yak barely misses you.
Unknown command.
Unknown command.
Casting: Scorch (safe; 1% risk of failure)
Press: ? - help, Q - select action, (/) - cycle Dir - look around, f - activate Flames lash the death yak.
The death yak is burned terribly!
The death yak is almost dead.
* * * LOW HITPOINT WARNING * * *
The death yak gores you!!
You die...

#................#
#........).......'
########.........#
#.....####'#.....
#..........#.....
#..........#.....
#..........#.....
###.....###..#.....
#.@.##### #..##....
#Y###...###...#....
#.##.....##...#....
#.'...)>..#...#....
#.'..>....#...#....
#.'....>..#...#....
####.....##...##'##
##...##....#....
#####.....#....


You could see a death yak (combustible).

Vanquished Creatures
  A wraith (D:9)
  4 yaks (D:8)
  An acid dragon (D:8)
  A water moccasin (D:7)
  Duvessa (D:6)
  A sky beast (D:7)
  2 black bears
  An orc warrior (D:8)
  A hornet zombie (D:7)
  A phantom (D:5)
  2 ogres
  Blork the orc (D:5)
  2 bullfrogs
  Dowan (D:6)
  3 scorpions
  14 killer bees
  5 wights (D:8)
  2 electric eels (D:7)
  2 hounds
  4 orc priests
  2 bullfrog skeletons
  8 iguanas
  7 orc wizards
  A killer bee zombie (D:7)
  Robin (D:2)
  A howler monkey zombie (D:5)
  6 adders
  A shadow imp (D:7)
  4 ufetubi
  2 adder skeletons
  3 dart slugs
  20 orcs
  12 bats
  4 endoplasms
  6 giant cockroaches
  18 goblins
  9 hobgoblins
  5 kobolds
  5 quokkas
  13 ball pythons
  3 frilled lizards
  3 rats
184 creatures vanquished.

Vanquished Creatures (others)
  An orc wizard (D:4)
1 creature vanquished.

Grand Total: 185 creatures vanquished

Notes
Turn   | Place    | Note
-------+----------+-------------------------------------------
     0 | D:1      | lunkers the Djinni Cinder Acolyte began the quest for the
                  | Orb.
     0 | D:1      | Reached XP level 1. HP: 20/20 MP: 0/0
    74 | D:1      | Found a faded altar of an unknown god.
   364 | D:1      | HP: 1/20 [endoplasm (1)]
   707 | D:1      | Reached XP level 2. HP: 22/25 MP: 0/0
  1161 | D:1      | Reached XP level 3. HP: 17/30 MP: 0/0
  1161 | D:1      | Learned a level 1 spell: Magic Dart
  1166 | D:1      | Reached skill level 3 in Spellcasting
  2356 | D:2      | Found a blossoming altar of Fedhas.
  2364 | D:2      | Reached XP level 4. HP: 33/35 MP: 0/0
  3157 | D:2      | Noticed Robin
  3330 | D:2      | Killed Robin
  3332 | D:2      | Reached XP level 5. HP: 28/41 MP: 0/0
  3332 | D:2      | Learned a level 2 spell: Ensorcelled Hibernation
  4521 | D:4      | Reached skill level 4 in Spellcasting
  4563 | D:3      | Reached XP level 6. HP: 9/47 MP: 0/0
  5228 | D:4      | Found a staircase to the Ecumenical Temple.
  5279 | D:4      | Reached XP level 7. HP: 49/53 MP: 0/0
  5279 | D:4      | Learned a level 2 spell: Call Imp
  5766 | D:5      | Entered Level 5 of the Dungeon
  5780 | D:4      | Reached skill level 5 in Fighting
  5780 | D:4      | Reached skill level 5 in Spellcasting
  6349 | D:5      | Reached XP level 8. HP: 53/60 MP: 0/0
  6386 | D:5      | Reached skill level 6 in Spellcasting
  7122 | D:5      | Found Ykeotal's General Store.
  7440 | D:5      | Found a runed translucent door.
  7470 | D:5      | Noticed Blork the orc
  7477 | D:5      | Killed Blork the orc
  7669 | D:6      | Noticed Duvessa
  7678 | D:6      | Noticed Dowan
  7923 | D:6      | Killed Duvessa
  7924 | D:6      | Reached skill level 7 in Spellcasting
  7924 | D:6      | Reached XP level 9. HP: 33/67 MP: 0/0
  7924 | D:6      | Learned a level 4 spell: Dispel Undead
  8089 | D:6      | Killed Dowan
  8744 | D:7      | Identified the +1 robe of the Mantidfly {rN+ Int+2}
  9137 | D:7      | Found Name's Jewellery Shop.
  9637 | D:7      | Reached skill level 8 in Spellcasting
 10300 | D:8      | Found Amaoc's Jewellery Boutique.
 10747 | D:8      | Reached XP level 10. HP: 66/76 MP: 0/0
 11231 | D:8      | Reached skill level 9 in Spellcasting
 11599 | D:9      | Found a glowing golden altar of the Shining One.
 12160 | D:9      | Found a staircase to the Orcish Mines.
 12162 | D:9      | Noticed a death yak
 12170 | D:9      | Noticed a death yak
 12221 | D:8      | Slain by a death yak

Illustrated notes

Levels and vault maps discovered:
D:1:      tarquinn_simple_flora_water_a, layout_loops_corners,
          hellmonk_ecumenical_altar_pennies_from_heaven, kennysheep_minor_cross,
          minmay_misc_feat_rugged
D:2:      layout_basic, basic_altar, uniq_robin
D:3:      layout_basic, mainiacjoe_overflow_24_doors, hangedman_decor_points
D:4:      layout_gridville, minmay_temple_entry_mist, minmay_misc_feat_enclosed
D:5:      layout_basic, serial_shops, kennysheep_mini_moat,
          lightli_church_of_beogh, uniq_blork_the_orc
D:6:      layout_rooms, uniq_duvessa
D:7:      layout_loops_corners, kennysheep_diamond
D:8:      layout_gridville, serial_shops, shop, kennysheep_windowed_goal
D:9:      layout_loops_ring, nicolae_tso_carved_into_rock, dpeg_lair_monsters,
          orc_0_dummy

Skill      XL: |  1  2  3  4  5  6  7  8  9 10 |
---------------+-------------------------------+-----
Spellcasting   | 3 4 5 7 8 9 |  9.5
Fighting       | 4 5 6 8 |  8.9
Short Blades   | |  2.6

Action                   |  1- 3 |  4- 6 |  7- 9 | 10-12 || total
-------------------------+-------+-------+-------+-------++-------
Melee: Short sword       |    86 |       |     1 |       ||    87
       Long sword        |       |       |       |     1 ||     1
 Cast: Magic Dart        |    27 |    87 |    66 |    22 ||   202
       Scorch            |     3 |    43 |   157 |    56 ||   259
Evoke: Wand              |       |       |     4 |       ||     4
  Use: Scroll            |       |       |    12 |     3 ||    15
Armor: Robe              |    24 |     3 |       |       ||    27
       Ring mail         |       |     9 |    20 |    11 ||    40
Dodge: Dodged            |    57 |    10 |    49 |    17 ||   133
Block: Buckler           |       |     1 |     6 |     4 ||    11

Table legend: (Time is in decaauts)
 A = Elapsed time spent in this place.
 B = Non-inter-level travel time spent in this place.
 C = Inter-level travel time spent in this place.
 D = Time resting spent in this place.
 E = Time spent auto-exploring this place.
 F = Levels seen in this place.
 G = Mean time per level.
                   A        B        C        D        E       F      G
               +--------+--------+--------+--------+--------+-----+--------+
         Total |  12225 |  12014 |    211 |   1593 |   8996 |   9 | 1358.3 |
       Dungeon |  12225 |  12014 |    211 |   1593 |   8996 |   9 | 1358.3 |
               +--------+--------+--------+--------+--------+-----+--------+

Top non-repeatable levels by time:
     D:1: 2163 daAuts
     D:5: 1758 daAuts
     D:8: 1675 daAuts
     D:2: 1382 daAuts
     D:4: 1379 daAuts
     D:3: 1315 daAuts
     D:7: 1193 daAuts
     D:6: 729 daAuts
     D:9: 627 daAuts
